 Dungeon Crawl Stone Soup version 0.29-a0-330-g52719c12eb (webtiles) character file.

Game seed: 14749246336779535000

5013 kae the Arsonist (level 10, -2/81 HPs)
             Began as a Demigod Fire Elementalist on May 31, 2022.
             Slain by a boulder beetle (17 damage)
             ... on level 8 of the Dungeon.
             The game lasted 00:07:43 (10573 turns).

kae the Arsonist (Demigod Fire Elementalist)       Turns: 10573, Time: 00:07:43

Health: -2/81      AC:  8    Str:  9    XL:     10   Next: 9%
Magic:  16/21      EV: 14    Int: 29    God:
Gold:   336        SH:  0    Dex: 14    Spells: 6/19 levels left

rFire   . . .      SeeInvis .   h - +1 dagger (holy)
rCold   . . .      Faith    .   (no shield)
rNeg    + . .      Spirit   .   x - +0 steam dragon scales
rPois   .          Reflect  .   (no helmet)
rElec   .          Harm     .   (no cloak)
rCorr   +          Rampage  .   r - +2 pair of gloves
Will    +....                   (no boots)
Stlth   ++........              w - amulet of magic regeneration
HPRegen 0.23/turn               d - ring of positive energy
MPRegen 0.57/turn               p - ring of resist corrosion

@: no status effects
A: high MP 1, forlorn, divine attributes
a: no special abilities


You were on level 8 of the Dungeon.
You visited 1 branch of the dungeon, and saw 9 of its levels.

You collected 516 gold pieces.
You spent 180 gold pieces at shops.

Inventory:

Hand Weapons
 h - a +1 dagger of holy wrath (weapon)
 y - a +4 hand axe
Missiles
 e - 2 throwing nets
Armour
 a - a +1 robe
 f - +0 storm dragon scales
 r - a +2 pair of gloves (worn)
 x - +0 steam dragon scales (worn)
Jewellery
 d - a ring of positive energy (left hand)
 p - a ring of resist corrosion (right hand)
 s - an amulet of regeneration
 w - an amulet of magic regeneration (around neck)
Wands
 k - a wand of mindburst (3)
 q - a wand of digging (12)
 v - a wand of flame (14)
Scrolls
 g - 6 scrolls of teleportation
Potions
 b - 2 potions of magic
 c - 8 potions of curing
 i - 2 potions of might
 j - a potion of heal wounds
 l - 4 potions of degeneration
 m - 2 potions of flight
 n - 2 potions of ambrosia
 o - 2 potions of berserk rage
 t - a potion of lignification {unknown}
 u - 2 potions of mutation
 A - a potion of attraction {unknown}


   Skills:
 + Level 5.1 Fighting
 + Level 5.4 Dodging
 - Level 1.7 Stealth
 + Level 5.1 Spellcasting
 * Level 7.5 Conjurations
 * Level 8.0 Fire Magic


You had 6 spell levels left.
You knew the following spells:

 Your Spells              Type           Power      Damage    Failure   Level
a - Foxfire               Conj/Fire      100%       2x1d9     1%          1
b - Scorch                Fire           100%       2d10      1%          2
c - Conjure Flame         Conj/Fire      51%        6-21      1%          3
d - Inner Flame           Hex/Fire       30%        N/A       3%          3
e - Flame Wave            Conj/Fire      51%        2d10      2%          4

Your spell library contained the following spells:

 Spells                   Type           Power      Damage    Failure   Level
 Stone Arrow              Conj/Erth      58%        3d10      4%          3
 Apportation              Tloc           14%        N/A       6%          1
 Sandblast                Erth           14%        2d6       6%          1
 Sting                    Tmut/Pois      28%        1d4       6%          1
 Passwall                 Tmut/Erth      5%         N/A       10%         2
 Animate Armour           Summ/Erth      14%        N/A       52%         4
 Lehudib's Crystal Spear  Conj/Erth      14%        10d5      100%        8


Dungeon Overview and Level Annotations

Branches:
Dungeon (9/15)             Temple (0/1) D:7
   Lair: D:8-11         Orc: D:9-12

Shops:
D:1 *   D:4 *

Annotations:
D:3 1 runed translucent door, Crazy Yiuf
D:4 3 runed translucent doors, dezertu's ghost, amateur TeHu; dohliylev's ghost, amateur SpVM
D:5 Ijyb
D:8 exclusion: upstairs


Innate Abilities, Weirdness & Mutations

You have an increased reservoir of magic. (+10% MP)
You shall have no god before yourself.
Your divine heritage dramatically boosts your attributes as you level up.


Message History

You start resting.
HP restored.
You open the door.
A boulder beetle is nearby!
A boulder beetle is nearby!
A boulder beetle is nearby!
A boulder beetle is nearby!
Casting: Scorch (safe; 1% risk of failure)
Confirm with . or Enter, or press ? or * to list all spells.
The fire begins to smoulder!
The boulder beetle curls into a ball and begins rolling!
The fire ignites!
Casting: Conjure Flame (safe; 1% risk of failure)
Confirm with . or Enter, or press ? or * to list all spells.
You conjure some foxfire!
The foxfire hits the boulder beetle but does no damage.
Casting: Foxfire (safe; 1% risk of failure)
Confirm with . or Enter, or press ? or * to list all spells.
Flames lash the boulder beetle but do no damage.
The boulder beetle hits you!!!
The boulder beetle stops rolling and uncurls.
The boulder beetle bites you.
Casting: Scorch (safe; 1% risk of failure)
Confirm with . or Enter, or press ? or * to list all spells.
Flames lash the boulder beetle.
The boulder beetle is lightly wounded.
The boulder beetle's fire resistance burns away.
The boulder beetle is engulfed in blazing flames.
The boulder beetle bites you but does no damage.
The boulder beetle is engulfed in blazing flames.
The boulder beetle bites you!
* * * LOW HITPOINT WARNING * * *
Casting: Scorch (safe; 1% risk of failure)
Confirm with . or Enter, or press ? or * to list all spells.
Flames lash the boulder beetle but do no damage.
The boulder beetle bites you!
* * * LOW HITPOINT WARNING * * *
The boulder beetle is engulfed in blazing flames.
The boulder beetle bites you!
You die...

#..##############.#
#..#<...........# #.
#..###########.## #. #..# #.#
#.###..# #.# #......# #.#
####..###.### #.#########
###...........#########..........
..+...........'B@.....###########
###...........######...........<.
#...........# #..######.....
###...)[......# #.....#......#
.......)####### #.............
#.......# #.............
#.......############.#..####.....
........'........................
#.......###....#####.#...###.....


You could see a boulder beetle (combustible).

Vanquished Creatures
  A two-headed ogre (D:9)
  Maurice (D:8)
  Joseph (D:8)
  Maggie (D:8)
  Sigmund (D:5)
  A wraith (D:7)
  Eustachio (D:5)
  A steam dragon (D:7)
  2 water moccasins (D:7)
  3 ice beasts
  An orc warrior (D:6)
  3 sky beasts
  A centaur (D:9)
  A phantom (D:7)
  9 bullfrogs
  A necrophage (D:6)
  5 scorpions
  3 wights (D:8)
  6 killer bees
  A howler monkey (D:6)
  A hound (D:5)
  4 orc priests
  2 iguanas
  Natasha (D:3)
  8 orc wizards
  8 gnolls
  6 adders
  A white imp (D:7)
  An ufetubus (D:5)
  3 worms
  A dart slug (D:4)
  27 orcs
  5 endoplasms
  2 giant cockroaches
  10 hobgoblins
  8 jackals
  11 kobolds
  6 quokkas
  6 ball pythons
  4 frilled lizards
  6 goblins
  4 rats
169 creatures vanquished.

Vanquished Creatures (others)
  531 foxfires
  6 withered plants (D:4)
537 creatures vanquished.

Grand Total: 706 creatures vanquished

Notes
Turn   | Place    | Note
-------+----------+-------------------------------------------
     0 | D:1      | kae the Demigod Fire Elementalist began the quest for the
                  | Orb.
     0 | D:1      | Reached XP level 1. HP: 14/14 MP: 5/5
   118 | D:1      | Reached skill level 1 in Conjurations
   371 | D:1      | Found Ginoewn's Assorted Antiques.
   508 | D:1      | Reached XP level 2. HP: 19/20 MP: 1/7
   653 | D:1      | Reached skill level 3 in Fire Magic
   913 | D:1      | Reached XP level 3. HP: 18/27 MP: 3/8
   916 | D:1      | Learned a level 2 spell: Scorch
   920 | D:1      | Learned a level 3 spell: Conjure Flame
  1573 | D:2      | Reached skill level 1 in Fighting
  2311 | D:3      | Reached XP level 4. HP: 35/35 MP: 4/9
  2550 | D:3      | Found a runed translucent door.
  2560 | D:3      | Noticed Crazy Yiuf
  2709 | D:3      | Noticed Natasha
  2720 | D:3      | Killed Natasha
  3071 | D:3      | Got A Beginning Course on Magic
  3658 | D:4      | Found a runed translucent gate.
  3658 | D:4      | Found a runed translucent gate.
  3658 | D:4      | Found a runed translucent gate.
  3749 | D:4      | Noticed dohliylev's ghost (amateur SpVM)
  3750 | D:4      | Noticed dezertu's ghost (amateur TeHu)
  3926 | D:4      | Found Movyur's Assorted Antiques.
  3929 | D:4      | Bought a scroll labelled TUZ ZAHAK for 30 gold pieces
  3929 | D:4      | Bought a dented golden amulet for 150 gold pieces
  4053 | D:5      | Entered Level 5 of the Dungeon
  4096 | D:5      | Noticed an ice beast
  4127 | D:5      | Killed an ice beast
  4128 | D:5      | Reached XP level 5. HP: 41/41 MP: 1/11
  4421 | D:5      | Noticed an ice beast
  4473 | D:5      | Noticed a sky beast
  4473 | D:5      | Noticed Eustachio
  4512 | D:5      | Killed an ice beast
  4513 | D:5      | Reached skill level 4 in Fire Magic
  4513 | D:5      | Reached XP level 6. HP: 48/48 MP: 0/12
  4611 | D:5      | Learned a level 3 spell: Inner Flame
  4778 | D:5      | Killed Eustachio
  4962 | D:5      | Reached XP level 7. HP: 56/56 MP: 10/14
  5260 | D:5      | Noticed Ijyb
  5595 | D:5      | Noticed Sigmund
  5603 | D:5      | Killed Sigmund
  5604 | D:5      | Reached skill level 5 in Fire Magic
  6422 | D:6      | Reached XP level 8. HP: 63/63 MP: 4/16
  6640 | D:6      | Reached skill level 5 in Conjurations
  7471 | D:7      | Learned a level 4 spell: Flame Wave
  7542 | D:7      | Reached skill level 6 in Fire Magic
  8157 | D:7      | Reached XP level 9. HP: 66/71 MP: 14/18
  8670 | D:7      | Reached skill level 7 in Fire Magic
  8795 | D:7      | Found a staircase to the Ecumenical Temple.
  9284 | D:9      | Noticed a two-headed ogre
  9302 | D:9      | Killed a two-headed ogre
  9303 | D:9      | Reached skill level 5 in Dodging
  9532 | D:8      | Noticed a boulder beetle
  9542 | D:8      | Noticed Maggie
  9562 | D:8      | Killed Maggie
  9896 | D:8      | Reached skill level 5 in Fighting
 10001 | D:8      | Noticed Maurice
 10002 | D:8      | Noticed Joseph
 10011 | D:8      | Killed Maurice
 10012 | D:8      | Reached skill level 5 in Spellcasting
 10015 | D:8      | Killed Joseph
 10016 | D:8      | Reached XP level 10. HP: 26/81 MP: 17/21
 10330 | D:8      | Reached skill level 8 in Fire Magic
 10573 | D:8      | Slain by a boulder beetle

Illustrated notes

Levels and vault maps discovered:
D:1:      matt_arrival_refuge, layout_rooms, serial_shops, nicolae_shop_crystal
D:2:      layout_basic, basic_altar
D:3:      layout_basic, chequers_temple_overflow_minitemple,
          uniq_crazy_yiuf_cottage, uniq_natasha
D:4:      layout_cave_pools, serial_shops, kennysheep_mini,
          gammafunk_ghost_cemetery
D:5:      layout_basic, uniq_ijyb, uniq_eustachio, uniq_sigmund
D:6:      nicolae_cairo_tiling_very_big, layout_basic
D:7:      minmay_bubble_buster, layout_gridville, minmay_temple_entry_poolview
D:8:      layout_basic, lair_entry_dummy, uniq_joseph, uniq_maggie, uniq_maurice
D:9:      layout_roguey, nemelex_xobeh_ov_fountains_minmay,
          nicolae_ru_great_annihilating_truth, minmay_misc_feat_hallway

Skill      XL: |  1  2  3  4  5  6  7  8  9 10 |
---------------+-------------------------------+-----
Conjurations   | 1 2 3 4 6 7 |  7.5
Dodging        | 2 3 4 5 |  5.4
Fire Magic     | 3 4 5 6 7 8 |  8.0
Spellcasting   | 2 3 4 5 |  5.1
Fighting       | 1 2 3 4 5 |  5.1
Stealth        | |  1.7

Action                   |  1- 3 |  4- 6 |  7- 9 | 10-12 || total
-------------------------+-------+-------+-------+-------++-------
Melee: Dagger            |       |     2 |     4 |     1 ||     7
 Cast: Foxfire           |    97 |    80 |   126 |    11 ||   314
       Scorch            |     2 |    11 |   110 |     4 ||   127
       Conjure Flame     |       |     2 |     8 |     1 ||    11
       Flame Wave        |       |       |     1 |     1 ||     2
       Inner Flame       |       |       |     1 |       ||     1
Evoke: Wand              |       |     3 |       |       ||     3
  Use: Scroll            |     7 |     4 |     9 |     1 ||    21
       Potion            |       |     1 |     1 |       ||     2
Armor: Robe              |     6 |     8 |    12 |       ||    26
       Steam dragon scal |       |       |    30 |     2 ||    32
Dodge: Dodged            |    22 |    28 |    90 |     8 ||   148

Table legend: (Time is in decaauts)
 A = Elapsed time spent in this place.
 B = Non-inter-level travel time spent in this place.
 C = Inter-level travel time spent in this place.
 D = Time resting spent in this place.
 E = Time spent auto-exploring this place.
 F = Levels seen in this place.
 G = Mean time per level.
                   A        B        C        D        E       F      G
               +--------+--------+--------+--------+--------+-----+--------+
         Total |  10594 |  10269 |    325 |   1250 |   7294 |   9 | 1177.1 |
       Dungeon |  10594 |  10269 |    325 |   1250 |   7294 |   9 | 1177.1 |
               +--------+--------+--------+--------+--------+-----+--------+

Top non-repeatable levels by time:
     D:5: 1841 daAuts
     D:6: 1504 daAuts
     D:7: 1444 daAuts
     D:8: 1240 daAuts
     D:3: 1192 daAuts
     D:1: 1160 daAuts
     D:2: 1100 daAuts
     D:4: 669 daAuts
     D:9: 440 daAuts
